 Dungeon Crawl Stone Soup version 0.21-a0-583-g2c32b0f (webtiles) character file.

1052 Firecrotchwizard the Slasher (level 8, -2/61 HPs)
             Began as a Demonspawn Gladiator on Dec 20, 2017.
             Was an Initiate of Makhleb.
             Slain by a wight
             ... wielding a +4 halberd
              (6 damage)
             ... on level 6 of the Dungeon.
             The game lasted 00:12:30 (6042 turns).

Firecrotchwizard the Slasher (Demonspawn Gladiator) Turns: 6042, Time: 00:12:31

Health: -2/61      AC:  9    Str: 15    XL:     8   Next: 5%
Magic:  8/8        EV: 11    Int:  9    God:    Makhleb [......]
Gold:   249        SH:  0    Dex: 17    Spells: 7/7 levels left

rFire    . . .     SeeInvis .   a - +1 long sword
rCold    + . .     Gourm    .   (no shield)
rNeg     . . .     Faith    .   p - +0 ring mail
rPois    .         Spirit   .   (helmet restricted)
rElec    .         Reflect  .   (no cloak)
rCorr    .         Harm     .   w - +1 pair of gloves
MR       .....                  (no boots)
Stlth    ++........             o - amulet of magic regeneration {@e1}
HPRegen  0.20/turn              r - ring of stealth {Stlth+}
MPRegen  0.36/turn              (no ring)

@: very heavily drained
A: horns 1, slimy green scales 1, cold resistance 1
a: Renounce Religion


You were on level 6 of the Dungeon.
You worshipped Makhleb.
Makhleb was noncommittal.
You were near starving.

You visited 2 branches of the dungeon, and saw 7 of its levels.

You collected 249 gold pieces.

Inventory:

Hand Weapons
 a - a +1 long sword (weapon)
Missiles
 d - 3 throwing nets {=f, !d}
Armour
 b - a +0 leather armour
 c - a +0 helmet
 p - a +0 ring mail (worn)
   (You took it off a kobold on level 2 of the Dungeon)
 q - a +0 chain mail
   (You took it off an orc on level 4 of the Dungeon)
 t - a +0 pair of gloves
   (You found it on level 5 of the Dungeon)
 w - a +1 pair of gloves (worn)
   (You found it on level 5 of the Dungeon)
Jewellery
 o - an amulet of magic regeneration (around neck) {@e1}
   (You took it off a kobold on level 2 of the Dungeon)
 r - a ring of stealth (left hand) {Stlth+}
   (You found it on level 5 of the Dungeon)
Scrolls
 e - 7 scrolls of remove curse
 h - 3 scrolls of identify
 k - 3 scrolls of magic mapping {!r}
 m - 2 scrolls of teleportation
Potions
 g - a potion of ambrosia {unknown}
 i - a potion of degeneration {unknown}
 j - a potion of curing {unknown}
 l - a potion of heal wounds
 n - a potion of cancellation
 s - a potion of flight {unknown}
 x - a potion of invisibility {unknown}
Comestibles
 f - 9 rations {@e1}


   Skills:
 + Level 4.5(1.5) Fighting
 * Level 6.0(2.8) Long Blades
 - Level 1.7(0.0) Throwing
 + Level 3.5(0.6) Armour
 + Level 4.6(1.6) Dodging


You had 7 spell levels left.
You didn't know any spells.

Dungeon Overview and Level Annotations

Branches:
Dungeon (6/15)             Temple (1/1) D:4

Altars:
Ashenzari
Cheibriados
Dithmenos
Gozag
Hepliaklqana
Kikubaaqudgha
Makhleb
Nemelex Xobeh
Okawaru
Ru
Sif Muna
Trog
Uskayaw
Vehumet
Xom
Yredelemnul
The Shining One

Annotations:
D:3 Skryme's ghost, amateur OpAs
D:4 Eustachio
D:6 2 transporters


Innate Abilities, Weirdness & Mutations

You have a pair of small horns on your head.
You are partially covered in slimy green scales. (AC +2)
Your flesh is cold resistant. (rC+)


Message History

* * * LOW HITPOINT WARNING * * *
The wight hits you but does no damage.
You take 6 damage, and have 16/55 hp.
You hit the wight but do no damage. The wight closely misses you.
The wight misses you.
You hit the wight but do no damage.
The wight hits you from afar with an enchanted halberd.
* * * LOW HITPOINT WARNING * * *
You feel drained.
* * * LOW HITPOINT WARNING * * *
The wight hits you but does no damage.
The crimson imp shouts, "Away with thee, thou tottering hedge-born zombie-fodder!"
You take 4 damage, and have 13/55 hp.
You completely miss the wight. The wight hits you but does no damage.
The wight hits you with a mace.
* * * LOW HITPOINT WARNING * * *
You take 5 damage, and have 8/55 hp.
You barely miss the wight. The wight closely misses you.
The wight hits you with a mace.
* * * LOW HITPOINT WARNING * * *
You take 2 damage, and have 6/55 hp.
You slash the wight!
You destroy the wight!
Makhleb accepts your kill.
Your base Long Blades skill increases to level 6!
You have reached level 8!
You feel stronger.
Your demonic ancestry asserts itself...
You feel resistant to cold. The wight closely misses you.
MP restored: 8 You feel much better.
The wight hits you with an enchanted hand axe.
You feel drained. The wight misses you.
You regained 24 hp, and now have 31/61 hp.
You feel much better.
The wight hits you with an enchanted hand axe.
You feel drained.
The wight hits you from afar with an enchanted halberd!
You regained 7 hp, and now have 38/61 hp.
You hit the wight.
You headbutt the wight, but do no damage.
The wight hits you but does no damage. The wight misses you.
You hit the wight.
You headbutt the wight, but do no damage.
The wight hits you but does no damage. The wight misses you.
You closely miss the wight. You headbutt the wight.
The wight hits you but does no damage. x2
You hit the wight but do no damage. The wight barely misses you.
The wight hits you from afar with an enchanted halberd!
You feel drained.
You take 9 damage, and have 29/61 hp.
You closely miss the wight.
The wight hits you with an enchanted hand axe.
The wight hits you but does no damage. The wight barely misses you.
You take 1 damage, and have 28/61 hp.
You barely miss the wight.
The wight hits you from afar with an enchanted halberd.
You feel drained.
The wight hits you with an enchanted hand axe.
You feel drained.
You take 4 damage, and have 24/61 hp.
You closely miss the wight.
The wight hits you from afar with an enchanted halberd.
You feel drained. The wight hits you but does no damage.
You take 4 damage, and have 20/61 hp.
You hit the wight but do no damage.
You headbutt the wight, but do no damage.
The crimson imp shouts, "Back with thee, thou unmuzzled ill-breeding nightsoil!"
The wight hits you with an enchanted hand axe.
You feel drained. The wight barely misses you.
You take 1 damage, and have 19/61 hp.
You closely miss the wight.
You headbutt the wight, but do no damage.
The wight hits you with an enchanted hand axe.
* * * LOW HITPOINT WARNING * * *
The wight closely misses you.
You take 6 damage, and have 13/61 hp.
You hit the wight but do no damage. You headbutt the wight.
The wight barely misses you.
You riposte.
You hit the wight but do no damage. The wight closely misses you.
You barely miss the wight.
The wight hits you but does no damage. x2
You barely miss the wight.
The wight hits you but does no damage. x3
You hit the wight but do no damage. The wight hits you but does no damage.
The wight hits you with an enchanted hand axe.
* * * LOW HITPOINT WARNING * * *
You take 2 damage, and have 12/61 hp.
You hit the wight.
You destroy the wight!
Makhleb accepts your kill. The wight hits you but does no damage.
The wight hits you with an enchanted halberd!
* * * LOW HITPOINT WARNING * * *
Items here: ))) = [[[ † You take 9 damage, and have 3/61 hp.
You closely miss the wight. Your headbutt misses the wight.
The wight hits you with an enchanted halberd.
You die...

#.###........... #.
##.......... #
##.....## .# ##...##
...####..##
.........#
........##
..#####.z# ##@# #.##
## #..# . ##.### #.
###...###. #..
###..........
.##..###...#########
..........##teY©...#
..###..#.#85.#.#..8


You could see a deep elf mage, a crocodile, a sky beast and a wight.

Vanquished Creatures
  Menkaure (D:4)
  A sky beast (D:6)
  An ice beast (D:5)
  A centaur (D:5)
  A bullfrog (D:5)
  2 scorpions (D:5)
  3 wights (D:6)
  A jelly (D:5)
  A hound (D:4)
  A bullfrog skeleton (D:4)
  2 worker ants (D:5)
  A worker ant zombie (D:5)
  9 adders
  2 oozes
  2 worms
  3 dart slugs
  6 leopard geckos
  9 orcs
  2 ball pythons
  10 bats
  6 giant cockroaches
  12 goblins
  9 hobgoblins
  14 jackals
  7 frilled lizards
  9 kobolds
  11 rats
127 creatures vanquished.

Notes
Turn   | Place    | Note
-------+----------+-------------------------------------------
     0 | D:1      | Firecrotchwizard the Demonspawn Gladiator began the quest for the Orb.
     0 | D:1      | Reached XP level 1. HP: 16/16 MP: 1/1
   281 | D:1      | Gained mutation: You are partially covered in slimy green scales. (AC +2) [demonic ancestry]
   281 | D:1      | Reached XP level 2. HP: 15/22 MP: 2/2
   490 | D:1      | Reached skill level 3 in Long Blades
   755 | D:1      | Reached skill level 3 in Dodging
   762 | D:1      | Reached XP level 3. HP: 24/28 MP: 3/3
  1022 | D:1      | Reached skill level 1 in Armour
  1422 | D:2      | Reached XP level 4. HP: 32/34 MP: 4/4
  1546 | D:2      | Found a sparkling altar of Nemelex Xobeh.
  2091 | D:3      | Reached XP level 5. HP: 38/40 MP: 5/5
  2172 | D:3      | Found a snail-covered altar of Cheibriados.
  2294 | D:3      | Reached skill level 4 in Long Blades
  2547 | D:3      | Reached skill level 3 in Fighting
  3074 | D:3      | Noticed Skryme's ghost (amateur OpAs)
  3223 | D:4      | Reached skill level 2 in Armour
  3314 | D:4      | Found a shattered altar of Ashenzari.
  3468 | D:4      | Noticed Eustachio
  3631 | D:4      | Noticed Menkaure
  3639 | D:4      | Killed Menkaure
  3639 | D:4      | Reached XP level 6. HP: 23/47 MP: 6/6
  4100 | D:4      | Found a staircase to the Ecumenical Temple.
  4106 | Temple   | Entered the Ecumenical Temple
  4351 | D:5      | Entered Level 5 of the Dungeon
  4393 | D:5      | Noticed an ice beast
  4423 | D:5      | HP: 6/47 [ice beast (12)]
  4424 | D:5      | Killed an ice beast
  4424 | D:5      | Reached skill level 5 in Long Blades
  4424 | D:5      | Reached skill level 4 in Dodging
  4709 | D:5      | Gained mutation: You have a pair of small horns on your head. [demonic ancestry]
  4709 | D:5      | Reached XP level 7. HP: 53/53 MP: 7/7
  4755 | D:5      | Found a bloodstained altar of Trog.
  4832 | D:5      | Reached skill level 4 in Fighting
  4967 | D:5      | Reached skill level 3 in Armour
  5374 | D:5      | Found a burning altar of Makhleb.
  5379 | D:5      | Became a worshipper of Makhleb the Destroyer
  5426 | D:6      | Noticed a deep elf mage
  5444 | D:6      | Noticed a hornet
  5578 | D:6      | Found an iron altar of Okawaru.
  5968 | D:6      | Found a transporter.
  5979 | D:6      | Found a transporter.
  6021 | D:6      | HP: 13/55 [wight/enchanted halberd (1)]
  6023 | D:6      | HP: 6/55 [wight/mace (2)]
  6024 | D:6      | Reached skill level 6 in Long Blades
  6024 | D:6      | Gained mutation: Your flesh is cold resistant. (rC+) [demonic ancestry]
  6024 | D:6      | Reached XP level 8. HP: 7/61 MP: 8/8
  6035 | D:6      | HP: 13/61 [wight/enchanted hand axe (6)]
  6041 | D:6      | HP: 3/61 [wight/enchanted halberd (9)]
  6042 | D:6      | Slain by a wight

Vault maps used:
D:1:      sevenhm_arrival_forest_fort_large_4
D:2:      nemelex_dance_club_becter
D:3:      kennysheep_slug_shrine
D:4:      minmay_temple_entry_enclosed_plants, gup_sewer_entry_pipe,
          first_ration, minmay_liquid_box, evilmike_ruin_ashenzari,
          uniq_eustachio, uniq_menkaure
D:5:      lightli_temple_of_fire, bloody_trog
D:6:      lemuel_crystal_altar, nicolae_qazlal_eye_of_the_storm,
          gammafunk_temple_overflow_arena
Temple:   nicolae_temple_figure_eight

Skill      XL: |  1  2  3  4  5  6  7 |
---------------+----------------------+-----
Long Blades    | 3 4 5 6 |  6.0
Dodging        | 3 4 |  4.6
Armour         | 1 2 3 |  3.5
Fighting       | 3 4 |  4.5
Throwing       | |  1.7

Action                   |  1- 3 |  4- 6 |  7- 9 || total
-------------------------+-------+-------+-------++-------
Melee: Long sword        |   124 |   241 |    97 ||   462
       Headbutt          |       |       |    27 ||    27
  Use: Scroll            |       |     7 |     5 ||    12
       Potion            |       |       |     2 ||     2
 Stab: Sleeping          |     2 |       |       ||     2
  Eat: Chunk             |     2 |     9 |     1 ||    12
       Ration            |       |     1 |       ||     1
Armor: Leather armour    |    26 |       |       ||    26
       Ring mail         |       |   115 |    47 ||   162
Dodge: Dodged            |    89 |   179 |    59 ||   327
       Rpst.: Long sword |    33 |    49 |    15 ||    97

Table legend:
 A = Spawn XP
 B = Non-spawn XP
 C = Spawn XP percentage of total XP
 D = Spawn monster count
 E = Non-spawn monster count
 F = Spawn count percentage of total count
 G = Total turns spent on level
                    A         B        C        D         E        F      G
               +---------+---------+-------+---------+---------+-------+---------
         Total |       0 |    1503 |   0.0 |       0 |     127 |   0.0 |  6042
               +---------+---------+-------+---------+---------+-------+---------
           D:1 |       0 |      53 |   0.0 |       0 |      33 |   0.0 |  1131
           D:2 |       0 |     125 |   0.0 |       0 |      32 |   0.0 |   902
           D:3 |       0 |      85 |   0.0 |       0 |      24 |   0.0 |  1047
           D:4 |       0 |     290 |   0.0 |       0 |      17 |   0.0 |  1077
           D:5 |       0 |     630 |   0.0 |       0 |      15 |   0.0 |  1079
           D:6 |       0 |     320 |   0.0 |       0 |       6 |   0.0 |   612
               +---------+---------+-------+---------+---------+-------+---------

Vault maps used:
D:1:      sevenhm_arrival_forest_fort_large_4
D:2:      nemelex_dance_club_becter
D:3:      kennysheep_slug_shrine
D:4:      minmay_temple_entry_enclosed_plants, gup_sewer_entry_pipe,
          first_ration, minmay_liquid_box, evilmike_ruin_ashenzari,
          uniq_eustachio, uniq_menkaure
D:5:      lightli_temple_of_fire, bloody_trog
D:6:      lemuel_crystal_altar, nicolae_qazlal_eye_of_the_storm,
          gammafunk_temple_overflow_arena
Temple:   nicolae_temple_figure_eight

Table legend:
 A = Turns spent in this place as a percentage of turns spent in the entire game.
 B = Non-inter-level travel turns spent in this place as a percentage of non-inter-level travel turns spent in the entire game.
 C = Inter-level travel turns spent in this place as a percentage of turns spent in this place.
 D = Turns resting spent in this place as a percentage of non-inter-level travel turns spent in this place.
 E = Turns spent auto-exploring this place as a percentage of non-inter-level travel turns spent in this place.
 F = Non-inter-level travel turns spent in this place divided by the number of levels of this place that you've seen.
                   A       B       C       D       E      F
               +-------+-------+-------+-------+-------+----------------------
         Total | 100.0 | 100.0 |   2.2 |  32.3 |  51.9 | 844.6
       Dungeon |  96.8 |  96.9 |   2.0 |  33.3 |  50.4 | 954.8
        Temple |   3.2 |   3.1 |   5.7 |   0.0 |  99.5 | 183.0
               +-------+-------+-------+-------+-------+----------------------

Table legend:
 A = Kills in this place as a percentage of kills in entire the game.
 B = Kills by you in this place as a percentage of kills by you in the entire game.
 C = Kills by friends in this place as a percentage of kills by friends in the entire game.
 D = Other kills in this place as a percentage of other kills in the entire game.
 E = Experience gained in this place as a percentage of experience gained in the entire game.
 F = Experience gained in this place divided by the number of levels of this place that you have seen.
                   A       B       C       D       E      F
               +-------+-------+-------+-------+-------+----------------------
         Total | 100.0 | 100.0 |   N/A |   N/A | 100.0 | 214.7
       Dungeon | 100.0 | 100.0 |   N/A |   N/A | 100.0 | 250.5
               +-------+-------+-------+-------+-------+----------------------
